[Event "FIDE Women's Grand Swiss 2023"]
[Site "Villa Marina, Douglas, Isle of Man, Isle Of Man"]
[Date "2023.11.05"]
[Round "11.1"]
[White "Munguntuul, Batkhuyag"]
[Black "Vaishali, Rameshbabu"]
[Result "1/2-1/2"]
[TimeControl "40/90 + 30 + 30s/move"]
[WhiteFideId "4900758"]
[BlackFideId "5091756"]
[WhiteElo "2366"]
[BlackElo "2448"]

1. e4 e5 2. Nf3 Nc6 3. Bb5 a6 4. Ba4 Nf6 5. d3 d6 6. c3 Bd7 7. O-O h6 8. Re1 g5 9. d4 g4 10.
Nh4 Nxe4 11. Rxe4 Qxh4 12. dxe5 O-O-O 13. e6 fxe6 14. Qxg4 Qxg4 15. Rxg4 h5 16. Re4 d5 17. Re1 Bd6 18.
Bg5 Rdf8 19. Nd2 Ne5 20. Bxd7+ Kxd7 21. h4 Nd3 22. Re2 e5 23. b4 b5 24. Nb3 e4 25. Rd1 c6 26. Nd4 Ne5 27.
a4 Rf7 28. axb5 axb5 29. Ra1 Rc8 30. Ra7+ Rc7 31. Ra8 Rc8 32. Ra7+ Rc7 33. Ra8 Rc8 34. Rea2 1/2-1/2

[Event "FIDE Women's Grand Swiss 2023"]
[Site "Villa Marina, Douglas, Isle of Man, Isle Of Man"]
[Date "2023.11.05"]
[Round "11.2"]
[White "Cramling, Pia"]
[Black "Muzychuk, Anna"]
[Result "1/2-1/2"]
[TimeControl "40/90 + 30 + 30s/move"]
[WhiteFideId "1700030"]
[BlackFideId "14111330"]
[WhiteElo "2446"]
[BlackElo "2510"]

1. Nf3 d5 2. d4 Nf6 3. c4 c6 4. Nc3 e6 5. Qd3 dxc4 6. Qxc4 b5 7. Qd3 a6 8. e4 c5 9. dxc5 Qxd3 10.
Bxd3 Bxc5 11. e5 Nfd7 12. Bf4 Bb7 13. Be4 Nc6 14. Rc1 h6 15. h4 Rc8 16. Ke2 Ke7 17. Rhd1 Rhd8 18. a3 Ba7 19.
b4 Bb8 20. h5 Nb6 21. Rxd8 Nxd8 22. Bxb7 Nxb7 23. a4 Rc4 24.
Be3 Nxa4 25. Nxa4 Rxc1 26. Bxc1 bxa4 27. Kd3 Nd8 28. Kc4 Nc6 29. b5 axb5+ 30. Kxb5 Nxe5 31. Nxe5 Bxe5 32. Kxa4 f5 33.
Kb5 Kf6 34. Kc4 f4 35. Kd3 Kg5 36. Ke4 Bb8 37. Bb2 e5 38. Bxe5 Bxe5 39. Kxe5 Kg4 40. Ke4 Kg5 41. Ke5 1/2-1/2

[Event "FIDE Women's Grand Swiss 2023"]
[Site "Villa Marina, Douglas, Isle of Man, Isle Of Man"]
[Date "2023.11.05"]
[Round "11.3"]
[White "Tan, Zhongyi"]
[Black "Mammadzada, Gunay"]
[Result "1-0"]
[TimeControl "40/90 + 30 + 30s/move"]
[WhiteFideId "8603642"]
[BlackFideId "13403729"]
[WhiteElo "2517"]
[BlackElo "2441"]

1. e4 c5 2. Nf3 d6 3. d4 cxd4 4. Nxd4 Nf6 5. Nc3 a6 6. Be3 e5 7. Nb3 Be6 8. f3 h5 9. Nd5 Bxd5 10.
exd5 Nbd7 11. Qd2 g6 12. O-O-O Bg7 13. Kb1 O-O 14. h3 Qc7 15. g4 Nb6 16. Bg5 h4 17. Bxh4 Rfc8 18. Bxf6 Bxf6 19.
h4 a5 20. g5 Bg7 21. h5 a4 22. Na1 a3 23. b3 gxh5 24. Bh3 Rf8 25. c4 e4 26. fxe4 Qe7 27. Nc2 Qe5 28. Qd4 Qg3 29.
Rd3 Bxd4 30. Rxg3 Be5 31. Rf3 f6 32. Rg1 Kf7 33. g6+ Kg7 34. Ne3 1-0

[Event "FIDE Women's Grand Swiss 2023"]
[Site "Villa Marina, Douglas, Isle of Man, Isle Of Man"]
[Date "2023.11.05"]
[Round "11.4"]
[White "Tsolakidou, Stavroula"]
[Black "Stefanova, Antoaneta"]
[Result "1/2-1/2"]
[TimeControl "40/90 + 30 + 30s/move"]
[WhiteFideId "4264312"]
[BlackFideId "2902257"]
[WhiteElo "2385"]
[BlackElo "2424"]

1. e4 e5 2. Nf3 Nc6 3. Bb5 a6 4. Ba4 Nf6 5. O-O Be7 6. Re1 b5 7. Bb3 d6 8. c3 O-O 9. h3 Bb7 10.
d4 Re8 11. Nbd2 Bf8 12. a3 h6 13. Ba2 Nb8 14. d5 c6 15. c4 bxc4 16. dxc6 Bxc6 17. Bxc4 d5 18. exd5 Bxd5 19. Bxd5 Qxd5 20.
Ne4 Qc6 21. Nxf6+ Qxf6 22. Bd2 Nc6 23. Bc3 Qd6 24. Qa4 f6 25. Qc4+ Qe6 26. Qxe6+ Rxe6 27. Rad1 Rc8 28. Rd7 Re7 29.
Rd5 Kf7 30. Red1 Rec7 31. Nh4 g6 32. g4 Be7 33. Ng2 Nb8 34. f4 exf4 35. Nxf4 Rc4 36. Ne2 Nc6 37. Kg2 Rd8 38. Rxd8 Nxd8 39.
Rd7 Ne6 40. Ra7 Rc6 41. a4 Ke8 42. Ra8+ Kf7 43. Ra7 1/2-1/2

[Event "FIDE Women's Grand Swiss 2023"]
[Site "Villa Marina, Douglas, Isle of Man, Isle Of Man"]
[Date "2023.11.05"]
[Round "11.5"]
[White "Garifullina, Leya"]
[Black "Javakhishvili, Lela"]
[Result "1/2-1/2"]
[TimeControl "40/90 + 30 + 30s/move"]
[WhiteFideId "34127035"]
[BlackFideId "13601458"]
[WhiteElo "2402"]
[BlackElo "2437"]

1. e4 c5 2. Nf3 Nc6 3. d4 cxd4 4. Nxd4 e5 5. Nb5 d6 6. N1c3 a6 7. Na3 Be6 8. Nd5 Nf6 9. Bg5 Qa5+ 10.
Bd2 Qd8 11. Bg5 Qa5+ 12. Bd2 Qd8 13. Bg5 Qa5+ 14. Bd2 Qd8 15. Bg5 1/2-1/2

[Event "FIDE Women's Grand Swiss 2023"]
[Site "Villa Marina, Douglas, Isle of Man, Isle Of Man"]
[Date "2023.11.05"]
[Round "11.6"]
[White "Kamalidenova, Meruert"]
[Black "Muzychuk, Mariya"]
[Result "0-1"]
[TimeControl "40/90 + 30 + 30s/move"]
[WhiteFideId "13712802"]
[BlackFideId "14114550"]
[WhiteElo "2351"]
[BlackElo "2519"]

1. e4 c5 2. Nf3 Nc6 3. Nc3 e5 4. Bc4 Be7 5. d3 d6 6. O-O Nf6 7. Ng5 O-O 8. f4 Bg4 9. Qe1 exf4 10.
Bxf4 Nd4 11. Qf2 Be6 12. Nf3 Nxe4 13. Nxe4 d5 14. Nxd4 cxd4 15. Qxd4 dxc4 16. Qxd8 Rfxd8 17. dxc4 Bxc4 18.
Rfe1 h6 19. Rad1 Bxa2 20. b3 Rac8 21. Rxd8+ Bxd8 22. Rc1 Rc6 23. Kf2 a5 24. Be3 b5 25. Nc5 Bb6 26. Ra1 Bxc5 27. Bxc5 Bb1 28.
Rxb1 Rxc5 29. Rb2 g5 30. Ke3 b4 31. Ra2 Kg7 32. g3 Kg6 33. Kd3 f6 34. Ra1 h5 35. Rg1 Rc3+ 36. Kd2 Rf3 37.
Ke2 Rc3 38. Kd2 g4 39. Re1 Rf3 40. Re2 Kg5 41. Ke1 h4 42. gxh4+ Kxh4 43. Re8 Kh3 44. Rh8+ Kg2 45. Rg8 f5 46.
h4 Re3+ 47. Kd2 Rh3 48. Rg5 g3 49. Ke3 Kh1 50. h5 g2+ 51. Kf2 Rh2 0-1

[Event "FIDE Women's Grand Swiss 2023"]
[Site "Villa Marina, Douglas, Isle of Man, Isle Of Man"]
[Date "2023.11.05"]
[Round "11.7"]
[White "Assaubayeva, Bibisara"]
[Black "Narva, Mai"]
[Result "1/2-1/2"]
[TimeControl "40/90 + 30 + 30s/move"]
[WhiteFideId "13708694"]
[BlackFideId "4500512"]
[WhiteElo "2469"]
[BlackElo "2399"]

1. g3 e5 2. c4 c6 3. Nf3 e4 4. Nd4 d5 5. cxd5 Qb6 6. Nb3 a5 7. d3 a4 8. N3d2 exd3 9. Bg2 cxd5 10.
O-O Nf6 11. exd3 Be7 12. Nc3 Qa5 13. Nf3 Nc6 14. d4 O-O 15. Bd2 Qa6 16. Re1 Be6 17. a3 Rfc8 18. Rc1 h6 19. Bf4 Bf8 20.
h3 Qa5 21. Qd3 Rd8 22. g4 Qb6 23. Qb5 Qxb5 24. Nxb5 Ne8 25. Bf1 Rdc8 26. Nc3 Bd6 27. Be3 Nc7 28. Bd3 Bd7 29. Nh4 g6 30.
Nb5 Nxb5 31. Bxb5 Kg7 32. Nf3 Ra5 33. Bd3 Raa8 34. Bb5 Ra5 35. Bd3 Raa8 36. Bb5 Ra5 1/2-1/2

[Event "FIDE Women's Grand Swiss 2023"]
[Site "Villa Marina, Douglas, Isle of Man, Isle Of Man"]
[Date "2023.11.05"]
[Round "11.8"]
[White "Cori T., Deysi"]
[Black "Wagner, Dinara"]
[Result "1/2-1/2"]
[TimeControl "40/90 + 30 + 30s/move"]
[WhiteFideId "3801934"]
[BlackFideId "24157570"]
[WhiteElo "2367"]
[BlackElo "2461"]

1. Nf3 d5 2. g3 c5 3. Bg2 Nc6 4. d4 Nf6 5. O-O e6 6. c4 dxc4 7. Na3 cxd4 8. Nxc4 Bc5 9. a3 a5 10.
b3 O-O 11. Bb2 Re8 12. Rc1 Ba7 13. Nce5 Nxe5 14. Nxe5 Qd6 15. Nc4 Qa6 16. Ne5 Qd6 17. Nc4 Qa6 18. Ne5 Qd6 1/2-1/2

[Event "FIDE Women's Grand Swiss 2023"]
[Site "Villa Marina, Douglas, Isle of Man, Isle Of Man"]
[Date "2023.11.05"]
[Round "11.9"]
[White "Goryachkina, Aleksandra"]
[Black "Dronavalli, Harika"]
[Result "1/2-1/2"]
[TimeControl "40/90 + 30 + 30s/move"]
[WhiteFideId "4147103"]
[BlackFideId "5015197"]
[WhiteElo "2558"]
[BlackElo "2502"]

1. d4 d5 2. c4 e6 3. Nf3 Nf6 4. g3 Be7 5. Bg2 O-O 6. O-O dxc4 7. Qc2 b5 8. a4 b4 9. Nfd2 Nd5 10.
Nxc4 c5 11. dxc5 Bxc5 12. e4 Nb6 13. Be3 Qe7 14. Nxb6 axb6 15. Bxc5 bxc5 16. Nd2 Ba6 17. Rfc1 Nd7 18. Bf1 Rfc8 19.
Bxa6 Rxa6 20. Nc4 Nb6 21. b3 Nxc4 22. Qxc4 Rd6 23. a5 h5 24. Rd1 Rdc6 25. a6 Ra8 26. Qb5 Qc7 27. Rdc1 Ra7 28.
Ra5 g6 29. Kg2 Kh7 30. h4 Qb6 31. Qxb6 Rxb6 32. Rcxc5 Raxa6 33. Rxa6 Rxa6 34. Rb5 e5 35. Rxb4 Ra2 36. Rb8 Rb2 37. b4 Kg7 38. b5 Rb4 39.
Kf3 Rb3+ 40. Ke2 Rb2+ 41. Ke3 Rb3+ 42. Kd2 Rb2+ 43. Kc3 Rxf2 44. b6 Rf1 45. Kc4 Rb1 46. Kd5 Rb3 47. Kxe5 Rxg3 48.
Rc8 Rb3 49. Rc6 g5 50. hxg5 h4 51. Kd5 h3 52. Rh6 h2 53. Kc6 Rc3+ 54. Kb7 Rc2 55. e5 Rb2 56. Ka7 Ra2+ 57. Kb8 Rc2 58.
b7 Rb2 59. Kc7 Rc2+ 60. Kb6 Rb2+ 61. Kc6 Rc2+ 62. Kd5 Rb2 63. Rxh2 Rxb7 1/2-1/2

[Event "FIDE Women's Grand Swiss 2023"]
[Site "Villa Marina, Douglas, Isle of Man, Isle Of Man"]
[Date "2023.11.05"]
[Round "11.10"]
[White "Milliet, Sophie"]
[Black "Gunina, Valentina"]
[Result "1/2-1/2"]
[TimeControl "40/90 + 30 + 30s/move"]
[WhiteFideId "623725"]
[BlackFideId "4167570"]
[WhiteElo "2391"]
[BlackElo "2439"]

1. d4 d5 2. c4 c6 3. cxd5 cxd5 4. Bf4 Nf6 5. Nc3 Nc6 6. e3 a6 7. Be2 Bf5 8. Nf3 Nh5 9. Be5 e6 10.
Qb3 Na5 11. Qa4+ Nc6 12. Qb3 Na5 13. Qa4+ Nc6 14. Qb3 1/2-1/2

[Event "FIDE Women's Grand Swiss 2023"]
[Site "Villa Marina, Douglas, Isle of Man, Isle Of Man"]
[Date "2023.11.05"]
[Round "11.11"]
[White "Socko, Monika"]
[Black "Tania, Sachdev"]
[Result "1-0"]
[TimeControl "40/90 + 30 + 30s/move"]
[WhiteFideId "1106619"]
[BlackFideId "5007844"]
[WhiteElo "2380"]
[BlackElo "2389"]

1. e4 e5 2. Nf3 Nc6 3. d4 exd4 4. Nxd4 Nf6 5. Nxc6 bxc6 6. Bd3 d6 7. O-O Be7 8. Nc3 O-O 9. f4 Re8 10.
Qf3 Rb8 11. Kh1 Nd7 12. b3 Nc5 13. Bb2 Qd7 14. h3 Bb7 15. Bc4 Ba6 16. Bxa6 Nxa6 17. Ne2 Bf8 18. Ng3 Nc5 19. Rad1 a5 20.
Rfe1 f6 21. Qc3 Qf7 22. Ba3 Ne6 23. f5 Nc5 24. Bxc5 dxc5 25. Qf3 Bd6 26. Nh5 c4 27. Nf4 cxb3 28. axb3 Bxf4 29. Qxf4 Re5 30. Rd4 Rbe8 31. Red1 Qh5 32.
Rd7 Rxe4 33. Qxc7 Qg5 34. R1d3 Qxf5 35. Rxg7+ Kh8 36. Rdd7 Rh4 37. Qg3 Rh6 38. Rge7 1-0

[Event "FIDE Women's Grand Swiss 2023"]
[Site "Villa Marina, Douglas, Isle of Man, Isle Of Man"]
[Date "2023.11.05"]
[Round "11.12"]
[White "Paehtz, Elisabeth"]
[Black "Ushenina, Anna"]
[Result "1/2-1/2"]
[TimeControl "40/90 + 30 + 30s/move"]
[WhiteFideId "4641833"]
[BlackFideId "14110911"]
[WhiteElo "2484"]
[BlackElo "2434"]

1. e4 e5 2. Nf3 Nf6 3. Nxe5 d6 4. Nf3 Nxe4 5. d4 d5 6. Bd3 Nc6 7. O-O Be7 8. Nbd2 Nxd2 9. Bxd2 Bg4 10.
c3 O-O 11. h3 Bh5 12. g3 Qd7 13. Kg2 Bg6 14. Bf4 Bxd3 15. Qxd3 a6 16. Rfe1 Rae8 17. Re2 Bd8 18. Rae1 Rxe2 19.
Qxe2 f6 20. h4 Rf7 21. Qe8+ Qxe8 22. Rxe8+ Rf8 23. Re2 Kf7 24. Ne1 Nb8 25. Nd3 Nd7 26. g4 Re8 27. Rxe8 Kxe8 28. h5 Kf7 29.
f3 Ke6 30. Bg3 c6 31. Nf4+ Kf7 32. Nd3 Ke6 33. Nf4+ Kf7 34. Nd3 Ke6 1/2-1/2

[Event "FIDE Women's Grand Swiss 2023"]
[Site "Villa Marina, Douglas, Isle of Man, Isle Of Man"]
[Date "2023.11.05"]
[Round "11.13"]
[White "Divya, Deshmukh"]
[Black "Efroimski, Marsel"]
[Result "1-0"]
[TimeControl "40/90 + 30 + 30s/move"]
[WhiteFideId "35006916"]
[BlackFideId "2810964"]
[WhiteElo "2408"]
[BlackElo "2447"]

1. c4 e6 2. g3 d5 3. Bg2 Nf6 4. Nf3 dxc4 5. Qa4+ Bd7 6. Qxc4 c5 7. Ne5 Qc8 8. O-O Nc6 9. f4 b5 10.
Qc2 Nxe5 11. fxe5 Nd5 12. Nc3 Nxc3 13. dxc3 Bc6 14. a4 Bxg2 15. Kxg2 Qb7+ 16. Rf3 a6 17. axb5 axb5 18. Rxa8+ Qxa8 19.
Qd3 c4 20. Qd4 Qd5 21. Qa7 f5 22. exf6 gxf6 23. Be3 Be7 24. Qb8+ Bd8 25. Qf4 O-O 26. Qg4+ Kh8 27. Qh4 Be7 28.
Bh6 Rg8 29. e4 Qd1 30. Rf1 Qe2+ 31. Rf2 Qe1 32. Bd2 Qd1 33. e5 Rg4 34. Qh6 Rg6 35. Qe3 f5 36. Qa7 Bg5 37. Qd7 f4 38.
Qc8+ Rg8 39. Qxe6 f3+ 40. Kh3 Rg6 41. Qc8+ Rg8 42. Qf5 Bxd2 43. Qf6+ Rg7 44. Qd8+ Rg8 45. Qxd2 Qxd2 46. Rxd2 Rg5 47.
e6 Kg7 48. Rf2 Kf6 49. Rxf3+ Kxe6 50. Kh4 h6 51. Re3+ Kd5 52. g4 b4 53. Kg3 h5 54. h3 hxg4 55. hxg4 bxc3 56. bxc3 Rg8 57.
Re1 Kc5 58. Re5+ Kd6 59. Rf5 Rb8 60. g5 Rb1 61. Rf3 Ke5 62. Kg4 Rg1+ 63. Rg3 Re1 64. Rg2 Re3 65. Rg3 Re1 66. Kf3 Rc1 67.
Kg2 Rd1 68. g6 Rd2+ 69. Kf1 Rd8 70. Ke2 Kf4 71. Rg2 Re8+ 72. Kd2 Kf3 73. Rg1 Re2+ 74. Kc1 Ra2 75. Kb1 Ra8 76. Kb2 Ke4 77.
g7 Rg8 78. Ka3 Kd3 79. Rg3 Ke4 80. Kb4 Kf4 81. Rg1 1-0

[Event "FIDE Women's Grand Swiss 2023"]
[Site "Villa Marina, Douglas, Isle of Man, Isle Of Man"]
[Date "2023.11.05"]
[Round "11.14"]
[White "Vantika, Agrawal"]
[Black "Kiolbasa, Oliwia"]
[Result "1/2-1/2"]
[TimeControl "40/90 + 30 + 30s/move"]
[WhiteFideId "25050389"]
[BlackFideId "1154613"]
[WhiteElo "2435"]
[BlackElo "2375"]

1. d4 Nf6 2. c4 e6 3. Nf3 d5 4. g3 dxc4 5. Bg2 c5 6. O-O Nc6 7. Qa4 Bd7 8. dxc5 Bxc5 9. Qxc4 Be7 10.
Nc3 O-O 11. Rd1 Rc8 12. e4 Ng4 13. h3 Nce5 14. Qe2 Nxf3+ 15. Qxf3 Ne5 16. Qe2 Bc5 17. Bf4 f6 18. Kh2 Qe7 19.
Rac1 a6 20. Be3 b5 21. f4 Nc4 22. Bxc5 Rxc5 23. b3 Nb6 24. Qe3 Rfc8 25. e5 fxe5 26. fxe5 Be8 27. Ne4 Rxc1 28. Rxc1 Rxc1 29.
Qxc1 Nd7 30. Qc7 Kf8 31. Nd6 h5 32. Be4 Nxe5 33. Nxe8 Qg5 34. Qd6+ Kxe8 35. Qxe6+ Kf8 36. Qc8+ Ke7 37. Qc5+ Kd8 38. Qd6+ Ke8 39.
h4 Qf6 40. Qb8+ Ke7 41. Qc7+ Kf8 42. Qc8+ Ke7 43. Qc7+ Kf8 1/2-1/2

[Event "FIDE Women's Grand Swiss 2023"]
[Site "Villa Marina, Douglas, Isle of Man, Isle Of Man"]
[Date "2023.11.05"]
[Round "11.15"]
[White "Injac, Teodora"]
[Black "Guichard, Pauline"]
[Result "1/2-1/2"]
[TimeControl "40/90 + 30 + 30s/move"]
[WhiteFideId "932400"]
[BlackFideId "639370"]
[WhiteElo "2426"]
[BlackElo "2358"]

1. Nf3 Nf6 2. g3 d5 3. Bg2 e6 4. O-O Be7 5. d3 O-O 6. a4 a5 7. b3 b6 8. Bb2 Nc6 9. e4 dxe4 10.
Ng5 Bb7 11. Nxe4 Nxe4 12. Bxe4 Bf6 13. Bxf6 Qxf6 14. Na3 Rab8 15. Nb5 Nd4 16. Nxd4 Qxd4 17. Bxb7 Rxb7 18. Qf3 Rbb8 19. Qc6 Rfd8 20.
Rae1 Qd6 21. Qc4 Qd4 22. Qc6 Qd6 23. Qc4 Qd4 24. Qc6 Qd6 25. Qc4 1/2-1/2

[Event "FIDE Women's Grand Swiss 2023"]
[Site "Villa Marina, Douglas, Isle of Man, Isle Of Man"]
[Date "2023.11.05"]
[Round "11.16"]
[White "Bulmaga, Irina"]
[Black "Aulia, Medina Warda"]
[Result "1-0"]
[TimeControl "40/90 + 30 + 30s/move"]
[WhiteFideId "13903063"]
[BlackFideId "7101570"]
[WhiteElo "2423"]
[BlackElo "2362"]

1. e4 e5 2. Nf3 Nc6 3. d4 exd4 4. Nxd4 Bc5 5. Nxc6 Qf6 6. Qf3 bxc6 7. Nd2 h5 8. Nb3 Bb6 9. a4 a5 10.
Bc4 h4 11. Bg5 Qg6 12. Be3 h3 13. gxh3 d5 14. exd5 Qxc2 15. Rc1 Qg6 16. d6 Bd7 17. dxc7 Rxh3 18. Qf4 Bxe3 19. fxe3 Nf6 20.
Rf1 Rh5 21. Nd4 Rc8 22. Be2 Rg5 23. h4 Rg2 24. Qe5+ Kf8 25. Qd6+ Ke8 26. Qe5+ Kf8 27. Qd6+ Ke8 28. Bf3 Qg3+ 29.
Qxg3 Rxg3 30. Kf2 Rh3 31. Rh1 Rxh1 32. Bxh1 Ng4+ 33. Ke2 Ne5 34. Rc5 f6 35. Rxa5 Rxc7 36. Rc5 Ke7 37. Kd2 Kd6 38. b4 Rb7 39. Nb5+ Ke7 40. Kc3 Rb8 41. Nd4 Kd6 42. Be4 Rh8 43.
h5 Rxh5 44. Bxc6 Bxc6 45. Nxc6 Rh3 46. Nxe5 fxe5 47. Kd3 g5 48. a5 Rh8 49. Rb5 Rg8 50. a6 g4 51. a7 Ra8 52. Ra5 g3 53.
Ke2 e4 54. Kf1 Kc7 55. Kg2 1-0

[Event "FIDE Women's Grand Swiss 2023"]
[Site "Villa Marina, Douglas, Isle of Man, Isle Of Man"]
[Date "2023.11.05"]
[Round "11.17"]
[White "Kosteniuk, Alexandra"]
[Black "Terbe, Julianna"]
[Result "1-0"]
[TimeControl "40/90 + 30 + 30s/move"]
[WhiteFideId "4128125"]
[BlackFideId "708780"]
[WhiteElo "2523"]
[BlackElo "2266"]

1. e4 c5 2. Nf3 Nc6 3. Bb5 g6 4. Bxc6 dxc6 5. d3 Qc7 6. Be3 e5 7. O-O Nf6 8. Qe1 Bg4 9. Nbd2 h6 10.
a3 b6 11. Qb1 Bg7 12. b4 cxb4 13. axb4 O-O 14. h3 Be6 15. d4 exd4 16. Bxd4 Rfd8 17. Qb2 Qe7 18. Rfe1 c5 19. bxc5 bxc5 20. Qa3 Bf8 21. Bb2 Nh5 22. Qe3 Rab8 23. Be5 Rb7 24. Ra6 Rb6 25.
Ra5 f6 26. Bc3 g5 27. h4 Nf4 28. g3 Qg7 29. Kh2 Nh3 30. Rea1 Rd7 31. Qe2 g4 32. Ne1 Qf7 33. Nd3 c4 34.
Nc5 Rc7 35. Nxe6 Qxe6 36. Rf5 h5 37. Rxh5 Rc5 38. e5 Bd6 39. Ne4 Rxe5 40. Nxf6+ 1-0

[Event "FIDE Women's Grand Swiss 2023"]
[Site "Villa Marina, Douglas, Isle of Man, Isle Of Man"]
[Date "2023.11.05"]
[Round "11.18"]
[White "Beydullayeva, Govhar"]
[Black "Roebers, Eline"]
[Result "1/2-1/2"]
[TimeControl "40/90 + 30 + 30s/move"]
[WhiteFideId "13413015"]
[BlackFideId "1058401"]
[WhiteElo "2383"]
[BlackElo "2390"]

1. Nf3 d5 2. g3 g6 3. Bg2 Bg7 4. d4 c6 5. c4 Nf6 6. O-O O-O 7. b3 Ne4 8. Bb2 a5 9. Nc3 Nxc3 10.
Bxc3 Nd7 11. Rc1 b6 12. Nd2 Nf6 13. e4 dxe4 14. Nxe4 Nxe4 15. Bxe4 Bb7 16. Qf3 Qc7 17. Qe3 Rfd8 18.
f4 e6 19. Rfd1 Rd7 20. Rd2 Rad8 21. Rcd1 c5 22. Bxb7 cxd4 23. Bxd4 Bxd4 24. Rxd4 Rxd4 25. Rxd4 Rxd4 26. Qxd4 Qxb7 27.
c5 bxc5 28. Qxc5 Qa8 29. a3 h5 30. Qd4 Qf3 31. Qd8+ 1/2-1/2

[Event "FIDE Women's Grand Swiss 2023"]
[Site "Villa Marina, Douglas, Isle of Man, Isle Of Man"]
[Date "2023.11.05"]
[Round "11.19"]
[White "Shuvalova, Polina"]
[Black "Hoang, Thanh Trang"]
[Result "1/2-1/2"]
[TimeControl "40/90 + 30 + 30s/move"]
[WhiteFideId "24171760"]
[BlackFideId "12400149"]
[WhiteElo "2506"]
[BlackElo "2398"]

1. e4 e6 2. d4 d5 3. Nd2 c5 4. exd5 Qxd5 5. Ngf3 cxd4 6. Bc4 Qd7 7. O-O Nc6 8. Nb3 Nf6 9. Nbxd4 Nxd4 10.
Nxd4 a6 11. Re1 b5 12. Bb3 Bb7 13. c3 Be7 14. Bg5 Bd5 15. Nf5 Bxb3 16. Nxg7+ Kf8 17. Qxd7 Nxd7 18. Bxe7+ Kxe7 19. axb3 Nc5 20.
Nf5+ Kf6 21. Ng3 Rhd8 22. b4 Nd3 23. Re2 Rd5 24. Ne4+ Ke7 25. g3 h6 26. f4 f5 27. Nf2 Nxf2 28.
Kxf2 Rd6 29. Rae1 Kf6 30. Re5 h5 31. h3 Rg8 32. Kf3 Re8 33. Rc5 Rd3+ 34. Re3 Rxe3+ 35. Kxe3 Rg8 36. Kf3 Rd8 37.
Rc6 Rd3+ 38. Kf2 Rd2+ 39. Ke3 Rxb2 40. Rxa6 h4 41. gxh4 Rh2 42. Kd4 Rxh3 43. Ra3 Rxh4 44. Kc5 Rxf4 45.
Kxb5 e5 46. c4 e4 47. c5 1/2-1/2

[Event "FIDE Women's Grand Swiss 2023"]
[Site "Villa Marina, Douglas, Isle of Man, Isle Of Man"]
[Date "2023.11.05"]
[Round "11.20"]
[White "Mkrtchyan, Mariam"]
[Black "Fataliyeva, Ulviyya"]
[Result "1/2-1/2"]
[TimeControl "40/90 + 30 + 30s/move"]
[WhiteFideId "13310828"]
[BlackFideId "13403052"]
[WhiteElo "2343"]
[BlackElo "2393"]

1. d4 Nf6 2. c4 e6 3. Nf3 d5 4. Nc3 Be7 5. Bf4 O-O 6. e3 Nbd7 7. Be2 dxc4 8. O-O a6 9. a4 c5 10.
h3 Nd5 11. Bxc4 Nxf4 12. exf4 cxd4 13. Qxd4 Qc7 14. Ba2 Bc5 15. Qc4 b5 16. axb5 axb5 17. Nxb5 Qb8 18. Qd3 Ba6 19. Bc4 Qxf4 20.
Bxe6 Ne5 21. Nxe5 fxe6 22. Nd7 Bxb5 23. Qxb5 Bxf2+ 24. Kh1 Rxa1 25. Rxa1 Rc8 26. Rf1 Rc1 27. Nf6+ Kf7 28. Ne4 Rxf1+ 29. Qxf1 Be3 30. Qxf4+ Bxf4 31.
Kg1 e5 32. Kf2 Ke6 33. Ke2 Bc1 34. b3 h5 35. Kd3 Ba3 36. g4 hxg4 37. hxg4 Kd5 38. Nc3+ Kc5 39. Ke4 Kb4 40. Nd5+ Kxb3 41.
Kxe5 Kc4 42. Nf4 Bb2+ 43. Kf5 Kd4 44. g5 Ke3 45. g6 Kf3 46. Nd3 Ba1 47. Nc5 Kg3 48. Ne4+ Kh4 49. Ke6 Kh5 50.
Kf7 Be5 51. Nc5 Kh6 52. Nd3 Bc3 53. Nf2 Bd4 54. Ne4 Be5 55. Nc5 Bd4 56. Nb7 Be5 57. Na5 Bc3 58. Nc4 Kg5 59. Nd6 Be5 60.
Ne4+ Kh6 61. Nc5 Bd4 62. Ne6 1/2-1/2

[Event "FIDE Women's Grand Swiss 2023"]
[Site "Villa Marina, Douglas, Isle of Man, Isle Of Man"]
[Date "2023.11.05"]
[Round "11.21"]
[White "Arakhamia-Grant, Ketevan"]
[Black "Matnadze Bujiashvili, Ann"]
[Result "1/2-1/2"]
[TimeControl "40/90 + 30 + 30s/move"]
[WhiteFideId "13600168"]
[BlackFideId "13601377"]
[WhiteElo "2297"]
[BlackElo "2400"]

1. e4 c6 2. d4 d5 3. Nd2 dxe4 4. Nxe4 Nf6 5. Nxf6+ exf6 6. c3 Bd6 7. Bd3 O-O 8. Qc2 g6 9.
Ne2 f5 10. h4 h5 11. Bg5 Be7 12. Qd2 Re8 13. O-O-O Be6 14. Kb1 Qa5 15. c4 Qxd2 16. Rxd2 Na6 17. a3 Rad8 18. Bxe7 Rxe7 19.
Kc2 Nc7 20. Kc3 Bc8 21. Bc2 b5 22. b3 a5 23. Nf4 Red7 24. Rhd1 Bb7 25. g3 Kf8 26. Re1 b4+ 27. axb4 axb4+ 28. Kxb4 c5+ 29. Kc3 cxd4+ 30. Kb2 Na6 31. Re5 Bc6 32. Nd3 Be4 33. Ra5 Rd6 34. Ne5 Re6 35. f3 Bb7 36. Rb5 Ba8 37.
f4 Be4 38. b4 Nc7 39. Ra5 Rb6 40. b5 Ne6 41. Ra7 Rb7 42. Rxb7 Bxb7 43. Kb3 Nc5+ 44. Kb4 Ne4 45. Rd3 Nf2 46.
Ra3 Be4 47. Nd3 Ng4 48. b6 Ne3 49. Ba4 Ke7 50. Kc5 Rc8+ 51. Kxd4 Nxc4 52. Rc3 Nxb6 53. Rxc8 Nxc8 54. Ne5 Nd6 55.
Bb3 Bb7 56. Ke3 f6 57. Nxg6+ Ke8 58. Nh8 Kf8 59. Ng6+ Ke8 60.
Nh8 Kf8 61. Ng6+ Ke8 62. Nh8 1/2-1/2

[Event "FIDE Women's Grand Swiss 2023"]
[Site "Villa Marina, Douglas, Isle of Man, Isle Of Man"]
[Date "2023.11.05"]
[Round "11.22"]
[White "Sandu, Mihaela"]
[Black "Lee, Alice"]
[Result "0-1"]
[TimeControl "40/90 + 30 + 30s/move"]
[WhiteFideId "1204327"]
[BlackFideId "30941822"]
[WhiteElo "2298"]
[BlackElo "2388"]

1. e4 e5 2. Nf3 Nf6 3. Nxe5 d6 4. Nf3 Nxe4 5. c4 Nc6 6. Nc3 Nxc3 7. dxc3 Be7 8. Be2 O-O 9. O-O Bg4 10.
h3 Bh5 11. Qd5 Bg6 12. Be3 Re8 13. Qb5 Qc8 14. Rfe1 a5 15. a4 Bf6 16. Bf1 Nb4 17. Bd2 Rxe1 18. Rxe1 c6 19. Qb6 Nd3 20.
Bxd3 Bxd3 21. Bg5 Bxg5 22. Nxg5 Bxc4 23. Qd4 Bd5 24. c4 h6 25. cxd5 hxg5 26. Re7 cxd5 27. Qe3 Kf8 28. Qe2 Qc6 29.
Re3 Re8 30. Rxe8+ Qxe8 31. Qd2 b6 32. Qc2 Qe1+ 33. Kh2 Qe5+ 34. g3 g6 35. Qc6 d4 36. Qxb6 d3 37. Qb8+ Kg7 38. Qb3 Qd4 39.
Kg2 d2 40. Qd1 Qxb2 41. Qg4 Qa1 0-1

[Event "FIDE Women's Grand Swiss 2023"]
[Site "Villa Marina, Douglas, Isle of Man, Isle Of Man"]
[Date "2023.11.05"]
[Round "11.23"]
[White "Nassr, Lina"]
[Black "Savitha, Shri B"]
[Result "0-1"]
[TimeControl "40/90 + 30 + 30s/move"]
[WhiteFideId "7908075"]
[BlackFideId "35061887"]
[WhiteElo "2066"]
[BlackElo "2375"]

1. d4 Nf6 2. Nf3 g6 3. e3 Bg7 4. c4 c5 5. Nc3 cxd4 6. exd4 O-O 7. Be2 d5 8. O-O Nc6 9. h3 Bf5 10.
Be3 Rc8 11. b3 Nb4 12. Rc1 Ne4 13. Nxd5 Nxd5 14. cxd5 Nc3 15. Qd2 Nxe2+ 16. Qxe2 Qxd5 17. Rfd1 Be4 18. Rc5 Bxf3 19. Qxf3 Qxf3 20. gxf3 b6 21. Rc4 f5 22.
Rdc1 Rcd8 23. Rc7 f4 24. Bd2 Bf6 25. Bb4 Rfe8 26. Rxa7 Rxd4 27. Be1 Red8 28. Rac7 Rd3 29. Rc8 Rxc8 30.
Rxc8+ Kf7 31. Kg2 Rd1 32. Bb4 Rb1 33. Rc2 Bd4 34. Bc3 Bc5 35. Rb2 Rd1 36. Rd2 Rc1 37. Bd4 Bb4 38. Re2 Rc6 39.
h4 h5 40. Re4 Bd2 41. Be5 Re6 42. Bc7 b5 43. Rxe6 Kxe6 44. Kf1 b4 45. Ke2 Bc1 46. Bd8 Bb2 47. Ba5 Bf6 48. Bxb4 Bxh4 49.
a4 Kd5 50. Bd2 e5 51. b4 Kc4 52. a5 Bd8 53. Kf1 g5 54. Kg2 Bc7 55. Be1 Bd8 56. Kh3 Kd3 57. Kg2 g4 58. b5 Ke2 59.
Bb4 gxf3 60. Kg1 e4 61.
b6 Bh4 62. Bc5 e3 63. a6 exf2+ 64. Bxf2 Bxf2+ 65. Kh2 Bxb6 66. a7 Bxa7 67. Kh1 f2 68. Kh2 h4 0-1